 Dungeon Crawl Stone Soup version 0.31.0-9-g3a7656b989 (webtiles) character file.

Game seed: 11584932667162029228

686 qw the Shooter (level 7, 0/35 HPs)
             Began as a Spriggan Hunter on Feb 3, 2024.
             Was an Initiate of Okawaru.
             Slain by an orc
             ... wielding a +0 mace
              (4 damage)
             ... on level 5 of the Dungeon.
             The game lasted 00:02:14 (3785 turns).

qw the Shooter (Spriggan Hunter)                    Turns: 3785, Time: 00:02:15

Health: 0/35       AC:  2    Str:  7    XL:     7   Next: 35%
Magic:  8/8        EV: 22    Int: 10    God:    Okawaru [......]
Gold:   348        SH:  0    Dex: 21    Spells: 6/6 levels left

rFire   . . .        a - +0 shortbow
rCold   . . .        (shield currently unavailable)
rNeg    + + .        c - +0 robe
rPois   .            (helmet restricted)
rElec   .            (no cloak)
rCorr   .            (gloves unavailable)
SInv    +            (boots unavailable)
Will    +....        (no amulet)
Stlth   ++           e - ring of positive energy
HPRegen 0.25/turn    h - ring of positive energy
MPRegen 0.11/turn

%: no passive effects
@: lethally poisoned (0 -> -4), very quick
A: very small, no large weapons, unfitting armour, see invisible, speed 3
a: Renounce Religion


You were on level 5 of the Dungeon.
You worshipped Okawaru.
Okawaru was noncommittal.
You visited 2 branches of the dungeon, and saw 6 of its levels.

You collected 348 gold pieces.


Innate Abilities, Weirdness & Mutations

You are very small and have problems with some larger weapons.
You are too small for most types of armour.
You have supernaturally acute eyesight. (SInv)
You cover ground extremely quickly. (Speed+++)


   Skills:
 - Level 2.3 Fighting
 + Level 7.2 Ranged Weapons
 - Level 7.1 Dodging
 - Level 1.5 Stealth


You had 6 spell levels left.
You didn't know any spells.
Your spell library was empty.

Inventory:

Hand Weapons
 a - a +0 shortbow (weapon)
Armour
 c - a +0 robe (worn)
Jewellery
 d - an amulet of guardian spirit
 e - a ring of positive energy (left hand)
 h - a ring of positive energy (right hand)
Scrolls
 b - a scroll of immolation {unknown}
 i - a scroll of enchant armour
Potions
 g - a potion of haste
 l - a potion of cancellation
 m - a potion of might
 n - 2 potions of enlightenment

Dungeon Overview and Level Annotations

Branches:
Dungeon (5/15)             Temple (1/1) D:5

Altars:
Ashenzari
Cheibriados
Dithmenos
Elyvilon
Fedhas
Gozag
Hepliaklqana
Kikubaaqudgha
Makhleb
Nemelex Xobeh
Okawaru
Qazlal
Ru
Sif Muna
Trog
Uskayaw
Wu Jian
Xom
Yredelemnul
Zin
The Shining One


Message History

The orc wizard hits you with a +0 dagger of venom.
You shoot an arrow. The arrow barely misses the orc wizard.
The arrow hits the orc but does no damage.
The orc misses you.
The orc wizard hits you with a +0 dagger of venom.
You are poisoned.
You shoot an arrow. The arrow barely misses the orc wizard.
The arrow hits the orc.
The orc is moderately wounded.
You feel very sick. The orc closely misses you.
The orc wizard hits you with a +0 dagger of venom.
You are more poisoned.
You shoot an arrow.
The arrow hits the orc wizard but does no damage.
The orc wizard is heavily wounded.
You feel very sick. The orc completely misses you. The orc wizard misses you.
You shoot an arrow.
The arrow closely misses the orc wizard.
The arrow hits the orc but does no damage.
The orc is moderately wounded.
You feel very sick. The orc barely misses you. The orc wizard misses you.
You shoot an arrow. The arrow hits the orc wizard.
The orc wizard is severely wounded.
You feel sick. The orc hits you with a +0 mace!
The orc wizard completely misses you.
You shoot an arrow. The arrow hits the orc wizard.
You kill the orc wizard!
Okawaru accepts your kill.
You feel sick. The orc completely misses you.
You shoot an arrow. The arrow hits the orc.
The orc is heavily wounded.
You feel sick. The orc completely misses you. The orc hits you with a +0 mace!
You shoot an arrow.
The arrow hits the orc but does no damage.
The orc is heavily wounded.
You feel sick. The orc closely misses you. The orc hits you with a +0 mace.
You die...

##'##. ....' #...#
#######...
.......W.########
.........##.....#
......o.........#
.)....o@.....:..#
.....##.........#
##'#####.........#
#.....?..........#
#................#
#.........##.....#
#.........########
#.....##...#
########...#


You could see a phantom and 2 orcs.

Vanquished Creatures
  A water moccasin (D:3)
  A phantom (D:4)
  A hound (D:3)
  A jelly (D:3)
  An orc priest (D:5)
  3 iguanas
  3 orc wizards
  7 gnolls
  8 adders
  4 dart slugs
  2 ribbon worms
  16 orcs
  8 ball pythons
  4 bats
  3 endoplasms
  3 giant cockroaches
  9 goblins
  5 hobgoblins
  11 jackals
  11 kobolds
  3 quokkas
  4 frilled lizards
  8 rats
117 creatures vanquished.

Notes
Turn   | Place    | Note
-------+----------+-------------------------------------------
     0 | D:1      | qw the Spriggan Hunter began the quest for the Orb.
     0 | D:1      | Reached XP level 1. HP: 10/10 MP: 2/2
     0 | D:1      | 0 ||| qw: Version: 0.3-a-155-g5e7d8dd
     0 | D:1      | 0 ||| qw: Game counter: 3034
     0 | D:1      | 0 ||| qw: Melee chars always use a shield: true
     0 | D:1      | 0 ||| qw: God list: Okawaru
     0 | D:1      | 0 ||| qw: Allow faded altars: false
     0 | D:1      | 0 ||| qw: Do Orc after clearing Dungeon:15 true
     0 | D:1      | 0 ||| qw: Do second Lair branch before Depths: true
     0 | D:1      | 0 ||| qw: Lair rune preference: random
     0 | D:1      | 0 ||| qw: Goals: Normal
     0 | D:1      | 0 ||| PLANNING D:1-11
    42 | D:1      | Reached skill level 3 in Dodging
   102 | D:1      | Reached XP level 2. HP: 14/14 MP: 3/3
   345 | D:1      | 345 ||| UPGRADING to ring of positive energy.
   346 | D:1      | 346 ||| READING scroll labelled IKYCRU XYCI.
   347 | D:1      | 347 ||| DROPPING scroll of butterflies.
   668 | D:1      | 668 ||| UPGRADING to amulet of guardian spirit.
   673 | D:1      | 673 ||| READING scroll labelled VIRESU CAMP.
   673 | D:1      | 673 ||| IDENTIFYING fizzy silvery potion
   674 | D:1      | 674 ||| READING scroll labelled ETUXKYARUO.
   678 | D:1      | 678 ||| READING scroll labelled ETEHATUOTA.
   678 | D:1      | 678 ||| ENCHANTING +0 shortbow.
   699 | D:2      | Reached XP level 3. HP: 18/18 MP: 4/4
   767 | D:2      | 767 ||| FLEEEEING.
   768 | D:2      | 768 ||| FLEEEEING.
   769 | D:2      | 769 ||| FLEEEEING.
  1235 | D:2      | Reached XP level 4. HP: 22/22 MP: 5/5
  1453 | D:2      | 1453 ||| READING scroll of identify.
  1453 | D:2      | 1453 ||| IDENTIFYING silvery potion
  1454 | D:2      | 1454 ||| READING scroll labelled IXITAG YSIGG.
  1480 | D:2      | 1480 ||| READING scroll labelled BIOR VIESEEKA.
  1481 | D:2      | 1481 ||| READING scroll labelled EXTEOGGUSA.
  1976 | D:3      | Found a faded altar of an unknown god.
  1999 | D:3      | Reached XP level 5. HP: 24/27 MP: 4/6
  2233 | D:3      | 2233 ||| UPGRADING to ring of positive energy.
  2234 | D:3      | 2234 ||| READING scroll of identify.
  2234 | D:3      | 2234 ||| IDENTIFYING cyan potion
  2235 | D:3      | 2235 ||| DROPPING potion of berserk rage.
  2249 | D:4      | 2249 ||| STAIRDANCE
  2249 | D:4      | Noticed a water moccasin
  2257 | D:4      | 2257 ||| STAIRDANCE
  2282 | D:4      | 2282 ||| STAIRDANCE
  2289 | D:4      | 2289 ||| STAIRDANCE
  2291 | D:3      | 2291 ||| DRINKING potion of haste.
  2302 | D:3      | HP: 5/27 [water moccasin (3)]
  2303 | D:3      | 2303 ||| DRINKING potion of heal wounds.
  2308 | D:3      | Killed a water moccasin
  2309 | D:3      | Reached skill level 6 in Ranged Weapons
  2309 | D:3      | Reached XP level 6. HP: 10/31 MP: 3/7
  2311 | D:3      | HP: 7/31 [poisoned by a water moccasin]
  2316 | D:3      | HP: 4/31 [poisoned by a water moccasin]
  2613 | D:4      | 2613 ||| FLEEEEING.
  2614 | D:4      | 2614 ||| FLEEEEING.
  2615 | D:4      | 2615 ||| FLEEEEING.
  2617 | D:4      | 2617 ||| FLEEEEING.
  2618 | D:4      | 2618 ||| FLEEEEING.
  2619 | D:4      | 2619 ||| FLEEEEING.
  2620 | D:4      | 2620 ||| FLEEEEING.
  2621 | D:4      | 2621 ||| FLEEEEING.
  2622 | D:4      | 2622 ||| FLEEEEING.
  2623 | D:4      | 2623 ||| FLEEEEING.
  2627 | D:4      | 2627 ||| FLEEEEING.
  2628 | D:4      | 2628 ||| FLEEEEING.
  2629 | D:4      | 2629 ||| FLEEEEING.
  2651 | D:4      | Reached skill level 6 in Dodging
  3067 | D:4      | Reached XP level 7. HP: 35/35 MP: 8/8
  3159 | D:4      | 3159 ||| READING 5 scrolls of identify.
  3159 | D:4      | 3159 ||| IDENTIFYING sedimented brown potion
  3160 | D:4      | 3160 ||| READING 4 scrolls of identify.
  3160 | D:4      | 3160 ||| IDENTIFYING brown potion
  3161 | D:4      | 3161 ||| READING 3 scrolls of identify.
  3161 | D:4      | 3161 ||| IDENTIFYING fizzy clear potion
  3162 | D:4      | 3162 ||| READING 2 scrolls of identify.
  3162 | D:4      | 3162 ||| IDENTIFYING green potion
  3163 | D:4      | 3163 ||| READING scroll of identify.
  3163 | D:4      | 3163 ||| IDENTIFYING 2 amethyst potions
  3164 | D:4      | 3164 ||| READING scroll labelled WIURCH KOHU.
  3165 | D:4      | 3165 ||| READING scroll labelled XIWOKUHOST.
  3166 | D:4      | 3166 ||| DROPPING potion of magic.
  3167 | D:4      | 3167 ||| DROPPING potion of brilliance.
  3183 | D:5      | Entered Level 5 of the Dungeon
  3185 | D:5      | 3185 ||| STAIRDANCE
  3199 | D:5      | 3199 ||| STAIRDANCE
  3206 | D:5      | 3206 ||| STAIRDANCE
  3243 | D:5      | HP: 7/35 [phantom (3)]
  3244 | D:5      | 3244 ||| READING scroll of teleportation.
  3451 | D:5      | HP: 6/35 [iguana (5)]
  3595 | D:5      | Found a staircase to the Ecumenical Temple.
  3596 | D:5      | 3596 ||| PLANNING TEMPLE
  3596 | D:5      | 3596 ||| READING scroll labelled HAPO VIFESM.
  3598 | D:5      | 3598 ||| Stepping ~*~*~tactically~*~*~ (cloud).
  3686 | Temple   | Entered the Ecumenical Temple
  3687 | Temple   | 3687 ||| PLANNING OKAWARU WORSHIP
  3709 | Temple   | Became a worshipper of Warmaster Okawaru
  3710 | Temple   | 3710 ||| PLANNING D:1-11
  3710 | Temple   | 3710 ||| REMOVING amulet of guardian spirit.
  3784 | D:5      | HP: 4/35 [orc/+0 mace (7)]
  3785 | D:5      | Slain by an orc

Levels and vault maps discovered:
D:1:      saegor_arrival_simple_a, layout_loops_ring, minmay_strange_pillars,
          minivault_14, kennysheep_small_spiral, chequers_serial_rivers_small_3
D:2:      layout_basic
D:3:      layout_loops_cross, shapermc_ecumenical_altar_ellora,
          minmay_three_crescents
D:4:      layout_loops_ring
D:5:      layout_gridville, minmay_temple_entry_mini_moons,
          guppyfry_early_orc_mine
Temple:   regret_index_temple_sigil_plot

Skill      XL: |  1  2  3  4  5  6  7 |
---------------+----------------------+-----
Dodging        | 3 4 5 6 7 |  7.1
Ranged Weapons | 5 6 7 |  7.2
Fighting       | 2 |  2.3
Stealth        | |  1.5

Action                     |  1- 3 |  4- 6 |  7- 9 || total
---------------------------+-------+-------+-------++-------
   Fire: Shortbow          |   112 |   197 |    93 ||   402
    Use: Scroll            |     4 |     5 |     9 ||    18
         Potion            |       |     2 |       ||     2
 Armour: Robe              |     9 |    36 |    26 ||    71
  Dodge: Dodged            |    36 |    99 |    73 ||   208

Table legend:
 A = Non-vault XP
 B = Vault XP
 C = Vault XP percentage of total XP
 D = Non-vault monster count
 E = Vault monster count
 F = Vault count percentage of total count
                 A         B        C        D         E       F
            +---------+---------+-------+---------+---------+-------
      Total |     881 |      99 |  10.1 |     105 |      12 |  10.3
            +---------+---------+-------+---------+---------+-------
        D:1 |      40 |       0 |   0.0 |      23 |       0 |   0.0
        D:2 |      66 |       0 |   0.0 |      25 |       0 |   0.0
        D:3 |     325 |      11 |   3.3 |      23 |       6 |  20.7
        D:4 |     302 |       0 |   0.0 |      26 |       0 |   0.0
        D:5 |     148 |      88 |  37.3 |       8 |       6 |  42.9
            +---------+---------+-------+---------+---------+-------
